 Dungeon Crawl Stone Soup version 0.27.1-35-g4d5d836560 (webtiles) character file.

Game seed: 13711301250792041279

186 Delamore the Covert (level 5, -2/34 HPs)
             Began as an Octopode Brigand on Mar 18, 2022.
             Succumbed to Crazy Yiuf's poison
             ... on level 3 of the Dungeon.
             The game lasted 00:02:33 (2213 turns).

Delamore the Covert (Octopode Brigand)              Turns: 2213, Time: 00:02:33

Health: -2/34      AC:  1    Str:  9 (11) XL:     5   Next: 65%
Magic:  1/5        EV: 12    Int: 10 (13) God:
Gold:   195        SH:  0    Dex: 12 (14) Spells: 4/4 levels left

rFire    . . .     SeeInvis .   h - +0 dagger (venom)
rCold    . . .     Faith    .   (no shield)
rNeg     . . .     Spirit   .   (helmet restricted)
rPois    .         Reflect  .   (no amulet)
rElec    .         Harm     .   (no ring)
rCorr    .         Rampage  .   (no ring)
Will     .....                  (no ring)
Stlth    +++++.....             (no ring)
HPRegen  0.11/turn              (no ring)
MPRegen  0.09/turn              (no ring)
                                (no ring)
                                (no ring)

@: lethally poisoned (-2 -> -20)
A: almost no armour, amphibious, 8 rings, camouflage 1, gelatinous body 1,
(nimble swimmer 1), tentacles
a: no special abilities


You were on level 3 of the Dungeon.
You visited 1 branch of the dungeon, and saw 3 of its levels.

You collected 195 gold pieces.

Inventory:

Hand Weapons
 a - a +2 dagger
 h - a +0 dagger of venom (weapon)
Missiles
 b - 8 poisoned darts (quivered)
 c - 2 curare-tipped darts
 g - 4 atropa-tipped darts
 i - 4 boomerangs
Scrolls
 d - a scroll of amnesia
 f - 2 scrolls of teleportation
 j - a scroll of noise
 k - a scroll of vulnerability
 l - a scroll of summoning {unknown}
Potions
 e - a potion of degeneration


   Skills:
 - Level 2.0 Fighting
 + Level 3.5 Short Blades
 - Level 2.0 Throwing
 - Level 1.0 Dodging
 * Level 8.3 Stealth


You had 4 spell levels left.
You didn't know any spells.
Your spell library was empty.

Dungeon Overview and Level Annotations

Branches:
Dungeon (3/15)

Altars:

Annotations:
D:3 Crazy Yiuf


Innate Abilities, Weirdness & Mutations

You cannot wear most types of armour.
You are amphibious.
You can wear up to eight rings at the same time.
Your skin changes colour to match your surroundings (Stealth+).
Your rubbery body absorbs attacks. (AC +1, EV +1)
((You are camouflaged near water. (Stealth+)))
You have tentacles for arms and can constrict up to eight enemies at once.


Message History

A scorpion comes into view.
A scorpion is nearby!
You catch the helpless scorpion completely off-guard!
You impale the scorpion!!
The scorpion looks as sick as possible!
You grab the scorpion.
The scorpion is almost dead.
You constrict the scorpion, but do no damage.
You kill the scorpion!
Your Stealth skill increases to level 8!
g - 4 atropa-tipped darts
l - a scroll labelled XUDDAR REORRA You see here a scorpion corpse.
Found a mace.
Found a runed translucent door.
Crazy Yiuf shouts!
Crazy Yiuf laughs, "Action!
Scoff action turtle."
You open the door.
Crazy Yiuf says, "Walk bush snail!"
You barely miss Crazy Yiuf. You grab Crazy Yiuf.
You constrict Crazy Yiuf, but do no damage.
You hit Crazy Yiuf.
Crazy Yiuf is lightly wounded.
You constrict Crazy Yiuf, but do no damage.
Crazy Yiuf hits you with a +2 quarterstaff of chaos!
Crazy Yiuf burns you.
You hit Crazy Yiuf but do no damage.
Crazy Yiuf is poisoned.
Crazy Yiuf is lightly wounded.
You constrict Crazy Yiuf.
Crazy Yiuf hits you with a +2 quarterstaff of chaos!
You feel your power leaking away.
You hit Crazy Yiuf.
Crazy Yiuf is moderately wounded.
You constrict Crazy Yiuf.
Crazy Yiuf hits you with a +2 quarterstaff of chaos!
* * * LOW HITPOINT WARNING * * *
You are lethally poisoned!
It was a potion of degeneration.
There was something very wrong with that liquid.
You feel weakened.
You feel dopey.
You feel clumsy.
You constrict Crazy Yiuf.
You die...

#............# ##+#...#.......#
#............####......'.......#
###...†.....†..........#.......#
#....#################.......#
#....# #........ #....##♣♣♣♣♣
#######.. #........♣.♣♣♣ ###
########.. #.........♣..♣#...#
#......... #........♣♣♣♣@g...#
#......... #.......♣♣ ♣♣#..)#
#......... #....##♣♣ ###
########## ######


You could see Crazy Yiuf (very poisoned).

Vanquished Creatures
  A scorpion (D:3)
  2 orc wizards (D:3)
  2 adders (D:2)
  3 worms
  2 dart slugs
  3 orcs (D:3)
  5 endoplasms
  A giant cockroach (D:3)
  5 goblins
  3 hobgoblins
  A kobold (D:2)
  2 quokkas
  5 ball pythons
  4 bats
  A frilled lizard (D:2)
  4 rats
44 creatures vanquished.

Notes
Turn   | Place    | Note
-------+----------+-------------------------------------------
     0 | D:1      | Delamore the Octopode Brigand began the quest for the Orb.
     0 | D:1      | Reached XP level 1. HP: 14/14 MP: 1/1
   348 | D:1      | Reached XP level 2. HP: 19/19 MP: 2/2
   584 | D:2      | Reached skill level 6 in Stealth
   661 | D:2      | Reached XP level 3. HP: 9/24 MP: 3/3
  1876 | D:3      | Reached skill level 7 in Stealth
  1876 | D:3      | Reached XP level 4. HP: 29/29 MP: 4/4
  1998 | D:3      | Reached XP level 5. HP: 34/34 MP: 5/5
  2079 | D:3      | Found a glowing drain.
  2182 | D:3      | Reached skill level 8 in Stealth
  2204 | D:3      | Found a runed translucent door.
  2205 | D:3      | Noticed Crazy Yiuf
  2213 | D:3      | Succumbed to Crazy Yiuf's poison

Illustrated notes

Levels and vault maps discovered:
D:1:      dpeg_arrival_line_fractal, layout_basic
D:2:      layout_loops_cross, grunt_ministairs_8, roderic_lattice_a,
          chequers_serial_rivers_marsh, minmay_pentomino_v4
D:3:      layout_basic, gup_sewer_entry_bowl, grunt_ministairs_4, minivault_4,
          uniq_crazy_yiuf_cottage

Skill      XL: |  1  2  3  4  5 |
---------------+----------------+-----
Stealth        | 6 7 8 |  8.3
Short Blades   | 3 |  3.5
Fighting       | |  2.0
Throwing       | |  2.0
Dodging        | |  1.0

Action                   |  1- 3 |  4- 6 || total
-------------------------+-------+-------++-------
Melee: Dagger            |    63 |    24 ||    87
       Constrict         |    14 |     6 ||    20
       Tentacles         |     6 |     4 ||    10
Throw: Dart              |     4 |       ||     4
  Use: Scroll            |     2 |     2 ||     4
       Potion            |       |     1 ||     1
 Stab: Sleeping          |    10 |     7 ||    17
       Distracted        |       |     1 ||     1
Armor: Skin              |     3 |       ||     3
Dodge: Dodged            |    33 |     3 ||    36
